Cogmind - Beta 14 --- EXPLORER MODE // 2024.08.08 @ 19:45:10 Player: wolft Result: Self-destructed Performance ------------- Evolutions (1) 500 Regions Visited (3) 600 Robots Destroyed (26) 130 Value Destroyed (480) 480 Prototype IDs (3) 60 Alien Tech Used (0) 0 Bonus (11) 11 TOTAL SCORE: 1781 Bonus ------- High Alert Combat Kills 11 Cogmind --------- Core Integrity 324/400 Matter 211/300 Energy 160/160 System Corruption 0% Temperature Warm (149) Movement Rolling (85) Location -9/Materials Parts ------- > --- POWER (1) -------- Light Nuclear Core > --- PROPULSION (2) --- Wheel Armored Wheel > --- UTILITY (5) ------ Structural Scanner Visual Processing Unit Terrain Scanner Propulsion Shielding Light Armor Plating > --- WEAPON (2) ------- Particle Cannon Heavy Assault Rifle > --- INVENTORY (5) ---- Medium Storage Unit Structural Scanner Hardlight Generator Improved EM Shotgun Medium Laser Peak State ------------ > --- POWER ------------ Light Nuclear Core > --- PROPULSION ------- Wheel Armored Wheel > --- UTILITY ---------- Structural Scanner Visual Processing Unit Terrain Scanner Propulsion Shielding Light Armor Plating > --- WEAPON ----------- Improved EM Shotgun Heavy Assault Rifle > --- INVENTORY -------- Wheel Medium Storage Unit Structural Scanner Medium Laser Mining Laser [Rating: 17] Favorites ----------- Power Ion Engine Engine Ion Engine Power Core Light Nuclear Core Propulsion Wheel Wheel Wheel Utility Structural Scanner Device Structural Scanner Processor Visual Processing Unit Protection Light Armor Plating Weapon Light Assault Rifle Energy Gun Medium Laser Energy Cannon Particle Cannon Ballistic Gun Light Assault Rifle Build | -11 -10 -10 -9 ------- Run | Yrd Mat Min Mat Slots Evolved 3 | . 1 . 2 Power . | . . . . Propulsion . | . . . . Utility 3 | . 1 . 2 Weapon . | . . . . Parts Attached 21 | 7 1 4 9 Power 2 | 1 . . 1 Engine 1 | 1 . . . Core 1 | . . . 1 Reactor . | . . . . Propulsion 7 | 2 . 3 2 Treads . | . . . . Leg . | . . . . Wheel 7 | 2 . 3 2 Hover . | . . . . Flight . | . . . . Utility 5 | 2 1 . 2 Device 2 | 1 1 . . Storage . | . . . . Processor 1 | . . . 1 Hackware . | . . . . Protection 2 | 1 . . 1 Artifact . | . . . . Weapon 7 | 2 . 1 4 Energy Gun 3 | . . 1 2 Energy Cannon 1 | . . . 1 Ballistic Gun 3 | 2 . . 1 Ballistic Cannon . | . . . . Launcher . | . . . . Special Weapon . | . . . . Impact Weapon . | . . . . Slashing Weapon . | . . . . Piercing Weapon . | . . . . Special Melee Weapon . | . . . . Unidentified Prototypes 1 | . . . 1 Parts Lost . | . . . . Power . | . . . . Propulsion . | . . . . Utility . | . . . . Weapon . | . . . . Highest Loss Streak . | . . . . To Critical Strikes . | . . . . Average Slot Usage (%) 95 | . 90 100 95 Engine 8 | . 12 12 4 Core 2 | . . . 5 Wheel 22 | . 25 25 20 Device 20 | . 15 25 20 Processor 2 | . . . 5 Protection 15 | . 12 12 20 Energy Gun 6 | . . 7 8 Energy Cannon 1 | . . . 3 Ballistic Gun 14 | . 25 17 7 Peak Build Rating 17 | 7 8 8 17 Average Rating 9 | 4 7 8 13 On Entrance 5 | . 7 8 8 Naked Turns . | . . . . Heaviest Build 18 | 11 12 13 18 Greatest Support 22 | 20 20 20 22 Greatest Overweight (x) 3 | 3 . . . Average Overweight (x) . | . . . . Largest Inventory Capacity 5 | 5 5 5 5 Average Capacity 5 | 5 5 5 5 Most Carried 5 | 5 5 5 5 Average Carried 4 | 2 5 5 4 Final Capacity 5 | 5 5 5 5 Final Carried 5 | 5 5 5 5 Class Distribution -------------------- 100% | Hacker-Mutant Dominant Class ---------------- Hacker-Mutant | -10/Materials Hacker-Mutant | -10/Mines Hacker-Mutant | -9/Materials Resources | -11 -10 -10 -9 ----------- Run | Yrd Mat Min Mat Matter Collected 434 | 277 52 54 51 Remotely . | . . . . Salvage Created 743 | 108 145 69 421 Parts 65 | 5 8 9 43 Haulers Intercepted 2 | . 1 . 1 Recyclers Shooed . | . . . . Parts Field Recycled . | . . . . Retrieved Matter . | . . . . Parts Self-Destructed . | . . . . Prevented . | . . . . Kills | -11 -10 -10 -9 ------- Run | Yrd Mat Min Mat Combat Hostiles Destroyed 14 | . 2 2 10 Guns 13 | . 2 2 9 Cannons 1 | . . . 1 Classes Destroyed 10 | 2 3 2 3 Worker 1 | . . 1 . Tunneler 3 | 2 . 1 . Hauler 2 | . 1 . 1 Recycler 1 | 1 . . . Operator 1 | . . . 1 Watcher 4 | . 1 . 3 Swarmer 7 | . . 2 5 Grunt 5 | . 2 . 3 Duelist 1 | . . . 1 Sentry 1 | . . . 1 Best Kill Streak 6 | 1 2 2 6 Combat Bots Only 4 | . 2 2 4 Max Kills in Single Turn 2 | 1 1 1 2 Gunslinging 1 | . . . 1 Exploded . | . . . . Melee . | . . . . Uniques/NPCs Destroyed . | . . . . Combat | -11 -10 -10 -9 -------- Run | Yrd Mat Min Mat Hostile Shots Fired 69 | . 5 4 60 Missed 14 | . . 2 12 Damage Taken 414 | . 40 10 364 Core 83 | . 7 . 76 Absorbed by Shields . | . . . . Redirected to Shielding 15 | . . . 15 Ignored by Resistances 268 | . 25 7 236 Core Remaining (%) 98 | 100 . 97 . Volleys Fired 69 | 16 14 8 31 Largest 2 | 2 2 2 2 Hottest 95 | 40 40 70 95 Shots Fired 122 | 21 28 16 57 Gun 114 | 21 28 16 49 Cannon 8 | . . . 8 Launcher . | . . . . Special . | . . . . Kinetic 87 | 21 28 14 24 Thermal 28 | . . 2 26 Explosive . | . . . . Electromagnetic 7 | . . . 7 Robot Hit Streak 21 | 10 19 11 21 Robot Miss Streak 2 | 1 1 1 2 Penetration Max . | . . . . Secondary Targets 3 | . . . 3 Max Gunslinging Chain 1 | . . . 1 Shots Hit Robots 99 | 18 23 13 45 Core Hits 46 | 6 10 6 24 Critical Kills . | . . . . Critical Parts Destroyed 2 | . 2 . . Critical Strikes 3 | . 2 . 1 Burn 1 | . . . 1 Destroy 2 | . 2 . . Melee Attacks . | . . . . Impact . | . . . . Slashing . | . . . . Piercing . | . . . . Sneak Attacks . | . . . . Combat Hostiles . | . . . . Follow-up Attacks . | . . . . Damage Inflicted 1117 | 145 203 121 648 Guns 975 | 145 203 121 506 Cannons 142 | . . . 142 Explosions . | . . . . Melee . | . . . . Ramming . | . . . . Kinetic 673 | 145 203 109 216 Thermal 304 | . . 12 292 Explosive . | . . . . Electromagnetic 140 | . . . 140 Impact . | . . . . Slashing . | . . . . Piercing . | . . . . Highest Corruption . | . . . . Average Corruption . | . . . . Corruption Purged . | . . . . Corruption Blocked . | . . . . Overload Shots . | . . . . Overflow Damage . | . . . . Projectiles . | . . . . Explosions . | . . . . Melee . | . . . . Knockbacks . | . . . . Impact . | . . . . Kinetic . | . . . . Secondary . | . . . . Self-Inflicted Damage . | . . . . Shots . | . . . . Rammed . | . . . . Targets Rammed . | . . . . Kicked . | . . . . Crushed . | . . . . Highest Temperature 156 | 12 30 55 156 Average Temperature 42 | 6 10 15 58 Received Heat Transfer 261 | . 36 . 225 Siege Activations . | . . . . Robots Corrupted . | . . . . Combat Hostiles . | . . . . Parts Fried . | . . . . Impact Corruptions . | . . . . Robots Melted . | . . . . Combat Hostiles . | . . . . Parts Melted 3 | . . . 3 Heat Transferred 814 | . . 37 777 Parts Sabotaged . | . . . . Parts Stolen . | . . . . Parts Stripped . | . . . . Power Chain Reactions . | . . . . Alert | -11 -10 -10 -9 ------- Run | Yrd Mat Min Mat Peak Influence 430 | 15 74 80 430 Initial 22 | . 7 20 22 Average 117 | 5 38 72 247 Maximum Alert Level 2 | . . . 2 Low Security (%) 76 | 100 100 100 34 Level 1 21 | . . . 58 Level 2 2 | . . . 7 Level 3 . | . . . . Level 4 . | . . . . Level 5 . | . . . . High Security . | . . . . Max Security . | . . . . Squads Dispatched 1 | . . . 1 Investigation . | . . . . Extermination . | . . . . Reinforcement 1 | . . . 1 Assault . | . . . . Garrison . | . . . . Intercept . | . . . . Searches Triggered . | . . . . Construction Impeded . | . . . . Haulers Reinforced . | . . . . Active Scanning Responses . | . . . . Cargo Convoy Interrupts . | . . . . Stealth | -11 -10 -10 -9 --------- Run | Yrd Mat Min Mat Distress Signals 3 | . 1 . 2 Communications Jammed . | . . . . Distress Signals . | . . . . Times Spotted 27 | . 5 2 20 Peak Tracking Total 9 | . 2 2 9 Tactical Retreats 2 | . . . 2 Traps | -11 -10 -10 -9 ------- Run | Yrd Mat Min Mat Traps Triggered 1 | . . . 1 Indirectly . | . . . . Trap Hack Attempts . | . . . . Triggered . | . . . . Disarmed . | . . . . Reprogrammed . | . . . . Reused . | . . . . Traps Extracted . | . . . . Installed . | . . . . Triggered . | . . . . Machines | -11 -10 -10 -9 ---------- Run | Yrd Mat Min Mat Machines Disabled 1 | . . . 1 Max in Single Turn 1 | . . . 1 Machines Repaired . | . . . . Machines Dismantled . | . . . . Machines Sabotaged . | . . . . Overloaded Fab Kills . | . . . . Hacking | -11 -10 -10 -9 --------- Run | Yrd Mat Min Mat Machines Accessed 3 | . 2 . 1 Terminals 3 | . 2 . 1 Fabricators . | . . . . Repair Stations . | . . . . Recycling Units . | . . . . Scanalyzers . | . . . . Garrison Access . | . . . . Total Hacks 6 | . 5 . 1 Successful 4 | . 4 . . Failed 2 | . 1 . 1 Catastrophic 1 | . . . 1 Database Lockouts . | . . . . Manual . | . . . . Terminals 6 | . 5 . 1 Fabricators . | . . . . Repair Stations . | . . . . Recycling Units . | . . . . Scanalyzers . | . . . . Garrison Access . | . . . . Terminal Hacks 4 | . 4 . . Prototype ID Bank 1 | . 1 . . Patrol Status 1 | . 1 . . Zone Layout 2 | . 2 . . Fabricator Hacks . | . . . . Repair Station Hacks . | . . . . Recycling Unit Hacks . | . . . . Scanalyzer . | . . . . Garrison Access Hacks . | . . . . Unauthorized Hacks . | . . . . Terminals . | . . . . Fabricators . | . . . . Repair Stations . | . . . . Recycling Units . | . . . . Scanalyzers . | . . . . Garrison Access . | . . . . Data Cores Recovered 1 | . . . 1 Used . | . . . . Hacking Detections 3 | . 2 . 1 Full Trace Events . | . . . . Feedback Events . | . . . . Feedback Blocked . | . . . . Robot Schematics Acquired . | . . . . Robots Built . | . . . . Authchips . | . . . . Time . | . . . . Total Robot Build Rating . | . . . . Part Schematics Acquired . | . . . . Parts Built . | . . . . Authchips . | . . . . Time . | . . . . Total Part Build Rating . | . . . . Parts Repaired . | . . . . Time . | . . . . Parts Recycled . | . . . . Recycled Matter . | . . . . Retrieved Matter . | . . . . Retrieved Components . | . . . . Parts Scanalyzed . | . . . . Part Schematics Acquired . | . . . . Parts Damaged . | . . . . Bothacking | -11 -10 -10 -9 ------------ Run | Yrd Mat Min Mat Used RIF Installer . | . . . . Robots Hacked . | . . . . Non-combat . | . . . . Combat . | . . . . Robot Hacks Applied . | . . . . Relay Couplers Released . | . . . . Fabnet Peak Effective % . | . . . . Robots Rewired . | . . . . Allies Hacked . | . . . . Hacks Repelled . | . . . . Allies | -11 -10 -10 -9 -------- Run | Yrd Mat Min Mat Total Allies . | . . . . Largest Group . | . . . . Highest-Rated Group . | . . . . Highest-Rated Ally . | . . . . Total Orders . | . . . . Ally Attacks . | . . . . Total Damage . | . . . . Kills . | . . . . Allies Corrupted . | . . . . Allies Melted . | . . . . Intel | -11 -10 -10 -9 ------- Run | Yrd Mat Min Mat Robot Analysis Total . | . . . . Derelict Logs Recovered . | . . . . Drone Launches . | . . . . Drone Recoveries . | . . . . Exploration | -11 -10 -10 -9 ------------- Run | Yrd Mat Min Mat Turns Passed 723 | 130 133 198 262 Spaces Moved 523 | 85 119 151 168 Core 63 | 63 . . . Treads . | . . . . Legs . | . . . . Wheels 460 | 22 119 151 168 Hover . | . . . . Flight . | . . . . Fastest Speed 50 | 50 80 80 80 Average Speed 83 | 95 80 80 84 Slowest Speed 200 | 200 80 80 85 Overloaded Moves . | . . . . Propulsion Burnouts . | . . . . Robots Hopped . | . . . . Cave-ins Triggered . | . . . . Exploration Rate (%) 27 | 4 28 51 27 Regions Visited 3 Branch Regions 1 Pre-discovered Areas . | . . . . Known Exits Taken 3 | 1 1 1 . Unknown Exits Taken . | . . . . Scrap Searched . | . . . . Spaces Dug . | . . . . Terrain Destroyed . | . . . . Melee . | . . . . Projectile . | . . . . AOE . | . . . . Terrain Rammed . | . . . . Walls Destroyed . | . . . . Machines Disabled . | . . . . Actions | -11 -10 -10 -9 --------- Run | Yrd Mat Min Mat Total 695 | 113 133 215 234 Wait 66 | 1 . 50 15 Move 520 | 84 118 150 168 Hop . | . . . . Pick Up 9 | 5 . . 4 Fast Attach 12 | 7 1 . 4 Attach 1 | . . . 1 Detach . | . . . . Swap 8 | . . 4 4 Drop 10 | . . 3 7 Fire 69 | 16 14 8 31 Melee . | . . . . Ram . | . . . . Kick . | . . . . Crush . | . . . . Escape Stasis . | . . . . Rewire . | . . . . Trap . | . . . . Miscellaneous . | . . . . Route ------- -11/Scrapyard -10/Materials -10/Mines -9/Materials History --------- Turn | Location | Event 3 | -11/Scrapyard | Identified exit to Materials 3 | -11/Scrapyard | Discovered exit to Materials (range 15) 131 | -11/Scrapyard | Entered Materials 131 | -10/Materials | Evolved 1 slot: Utility x1 197 | -10/Materials | Identified exit to Mines 197 | -10/Materials | Discovered exit to Mines (range 6) 264 | -10/Materials | Entered Mines 316 | -10/Mines | Build established: Hacker-Mutant 448 | -10/Mines | Identified exit to Materials 448 | -10/Mines | Discovered exit to Materials (range 15) 462 | -10/Mines | Entered Materials 462 | -9/Materials | Evolved 2 slots: Utility x2 724 | -9/Materials | Self-destructed Last Messages --------------- 00629_ Dropped Mining Laser. 00629_ Acquired Med. Laser. 00638_ R-06 Scavenger collects Lgt. Ion Engine. 00642_ R-06 Scavenger collects Hover Unit. 00646_ K-01 Serf collects debris. 00667_ Hover Unit melted. 00667_ Signal Interpreter melted. 00667_ W-16 Scout destroyed. 00677_ Connecting with Terminal... 00683_ W-16 Scout distress signal alerts nearby ally. 00688_ U-05 Engineer builds a Door. 00693_ W-16 Scout distress signal alerts nearby ally. 00696_ Electrolysis Chamber disabled. 00696_ W-16 Scout destroyed. 00700_ ALERT: Hostiles spotted, dispatching reinforcements to Terminal M004. 00705_ L-31 Rogue destroyed. 00724_ Critical hit (Burn: +37). Map ----- +----------------------------------------------------+ | | | | | | | ?????????????????????????????????????????????????? | | ?????????????????????????????????????????????????? | | ?????????????????????????????????????????????????? | | ?????????????????????????????????????????????????? | | ?????????????????????????????????????????????????? | | ??? ???? ????????????????????????????????????????? | | ?????????????????????????????????????????????????? | | ????????????????????????????????????????????? | | #+###????????????????????????????????????????????? | | ##????????????????????????????????????????????? | | ?????????????????? ?????? +???????????????? | | ##????#######???#??############ ??????????????? | | ##????#######?????? ######## ## ??????????????? | | ##????## ##?????? # # ????????????? | | ###???## ##?????? # #+##????????????? | | ######## ##?????? # # ##????????????? | | ####### ##?????? # """ """ + ????????????? | | ##? ???? # """ """ # ??????????????? | | ##??????## "" !""" ##??????????????? | | ##??????## !*%! # ??????????????? | | ######### ##??????## =*%/= # ? ????????????? | | #+########### #####???###Y##+##### ??????????????? | | ##??### #####??####@ Y ##### ??????????????? | | ###?### ### ? ### g##??????????????????? | | ##??## ### ##### #### ??? | | ##??## #########"####### # | | ##??## ### k # | | ##??## ## ?? ### g # | | ##??## ########## # | | ##??## ##?##############k######## # | | ###### ##### # ## ?????? # | | ############ ##### # ##????????? | | + # "" ##????????? | | ##### # """ "" ##????????? | | ############+## """ T" # ????????? | | ########### + """ "" # ????????? | | # "" # ????????? | | """ """ *% # # ????????? | | """ """ #####+##### ????????? | | """ """ ############# # ## ????????? | | ############# # ????? ????????????? | | #########??## # ??????????????????? | | # # ##??## # ??"???????????????? | | # % ! # ##??## # ??????????????????? | | # # "" ##??## # ??????????????????? | | # """ # "Y ##??## # "?????????????????? | | # [ [ """ + "" | ##??## # ??????????????????? | +----------------------------------------------------+ Best States ------------- Heat Dissipation 28 Energy Generation 14 Energy Capacity 250 Matter Stores 300 Matter Capacity 300 Sight Range 18 Terrain Scan Range 14 Terrain Scan Density 10 Armor Coverage 150 Resistance: KI 35 Resistance: TH 35 Resistance: EX 35 Resistance: EM 35 Resistance: I 35 Resistance: S 35 Resistance: P 35 Propulsion Shielding 33 Evasion (%) 50 Offensive Hacking 20 Item Schematics ----------------- None Robot Schematics ------------------ None Fabricated ------------ Nothing Alien Tech Used ----------------- None Achievements -------------- None Challenges ------------ None Game ------ Seed NullBehemothTerminator Manual? 0 Play Time 00:09:15 Cumulative 48.6 hours Start 2024.08.08 @ 15:41:00 End 2024.08.08 @ 19:45:10 Sessions 3 Manual Loads 0 Difficulty Explorer Special Mode None Game No. 92 Rogue 6 Adventurer 26 Explorer 60 Win Type - Total 1 Types 1/0/0/0/0/0/0/0/0 Lore% 16 Gallery% 38 Achievement% 36 Wizard Run 0 Options --------- Layout 1 ASCII 0 Keyboard 0 Movement Mouse Keybinds 0 Fullscreen 1 Font 24/Smallcaps Map View 50x35 Zoom Use 0% Tactical HUD 1 Map Filters NONE Filters NONE Steam 1 RUN: 73d6ebf5-bf05-4d03-a53a-93d1c6ba5a93